 Dungeon Crawl Stone Soup version 0.31-a0-1616-gbeaec30b81 (webtiles) character file.

Game seed: 10866627145575768107

1879120 Solx the Crack Shot (level 27, 231/231 HPs)
             Began as a Formicid Hunter on Jan 9, 2024.
             Was a Follower of Uskayaw.
             Escaped with the Orb
             ... and 3 runes on Jan 10, 2024!
             The game lasted 04:29:24 (54773 turns).

Solx the Crack Shot (Formicid Hunter)              Turns: 54773, Time: 04:29:25

Health: 231/231    AC: 18    Str: 21    XL:     27
Magic:  43/43      EV: 35    Int: 10    God:    Uskayaw [*.....]
Gold:   2805       SH: 41    Dex: 36    Spells: 29/36 levels left

rFire   + + .        O - +7 triple crossbow "Giantslayer" {penet, rElec rPois Will+ Str-3}
rCold   + . .        K - +7 tower shield {rC+ rF+}
rNeg    + + .        M - +5 moon troll leather armour {Spirit, Regen++ MP+5}
rPois   +            (helmet unavailable)
rElec   +            r - +2 cloak {rCorr}
rCorr   +            R - +1 pair of gloves {Str+3}
SInv    +            n - +1 pair of boots of the Blessed Realm {Regen+ Dex+5 Stlth-}
Will    +++..        t - amulet of reflection
Stlth   +            j - ring of protection from fire
HPRegen 2.98/turn    E - ring of Bagixim {rN++ Dex+6}
MPRegen 0.28/turn

%: reflection, guardian spirit
@: studying Staves
A: permanent stasis, dig shafts and tunnels, antennae 3, four strong arms,
MP-powered wands
0: Orb of Zot
}: 3/15 runes: serpentine, barnacled, slimy
a: Dig, Shaft Self, Renounce Religion, Stomp


You escaped.
You worshipped Uskayaw.
Uskayaw was greatly pleased with you.
You visited 10 branches of the dungeon, and saw 51 of its levels.
You also visited: Wizlab.

You collected 6013 gold pieces.
You spent 3208 gold pieces at shops.

Inventory:

Hand Weapons
 O - the +7 triple crossbow "Giantslayer" (weapon) {penet, rElec rPois Will+ Str-3}
   (You bought it in a shop on level 4 of the Snake Pit)

   Str-3:     It affects your strength (-3).
   rElec:     It insulates you from electricity.
   rPois:     It protects you from poison Will+: It increases your willpower.
Missiles
 c - 7 throwing nets
 A - 2 curare-tipped darts
Armour
 n - the +1 pair of boots of the Blessed Realm (worn) {Regen+ Dex+5 Stlth-}
   (You found it on level 11 of the Dungeon)

   Dex+5:     It affects your dexterity (+5).
   Regen+:    It increases your rate of health regeneration.
   Stlth-:    It makes you less stealthy.
 r - a +2 cloak of preservation (worn)
 K - a +7 tower shield of resistance (worn)
 M - the +5 moon troll leather armour (worn) {Spirit, Regen++ MP+5}
   (You took it off a moon troll in a wizard's laboratory)

   MP+5:      It affects your magic capacity (+5).
   Regen++:   It increases your rate of health regeneration.
 R - a +1 pair of gloves of strength (worn)
 X - a +2 cloak of poison resistance
Jewellery
 j - a ring of protection from fire (left hand)
 k - the ring of Makhleb's Hatred {Ice rElec Stlth+}
   (You took it off Josephina on level 2 of the Realm of Zot)

   [ring of ice]

   Ice:       It enhances your ice magic.
   rF-:       It makes you vulnerable to fire.
   rC+:       It protects you from cold.
   rElec:     It insulates you from electricity.
   Stlth+:    It makes you more stealthy.
 l - a ring of Prescription {^Drain rC+ rN+ rCorr MP+9}
   (You took it off a deep elf pyromancer on level 3 of the Elven Halls)

   [ring of magical power]

   rC+:       It protects you from cold.
   rN+:       It protects you from negative energy.
   MP+9:      It affects your magic capacity (+9).
   rCorr:     It protects you from acid and corrosion.
   ^Drain:    It drains your maximum health when unequipped.
 t - an amulet of reflection (around neck)
 D - the ring of Cagixaim {Ice +Blink Dex+2}
   (You found it in a wizard's laboratory)

   [ring of ice]

   Ice:       It enhances your ice magic.
   Dex+2:     It affects your dexterity (+2).
   rF-:       It makes you vulnerable to fire.
   rC+:       It protects you from cold.
   +Blink:    It lets you blink.
 E - the ring of Bagixim (right hand) {rN++ Dex+6}
   (You found it on level 5 of the Lair of Beasts)

   [ring of dexterity]

   Dex+6:     It affects your dexterity (+6).
   rN++:      It greatly protects you from negative energy.
 J - an amulet of regeneration
 T - the amulet "Vinaf" {Faith Harm Str+2}
   (You took it off a vampire knight on level 2 of the Realm of Zot)

   [amulet of faith]

   Faith:     It allows you to gain divine favour quickly.
   Str+2:     It affects your strength (+2).
   Harm:      It increases damage dealt and taken.
 U - the ring of Goschaok {*Corrode ^Drain rElec rF+++ rC+}
   (You found it in a wizard's laboratory)

   [ring of protection from cold]

   rF+++:     It renders you almost immune to fire.
   rC+:       It protects you from cold.
   rElec:     It insulates you from electricity.
   *Corrode:  It may corrode you when you take damage.
   ^Drain:    It drains your maximum health when unequipped.
 V - the ring of Wawuib {Fly rN+ Str-2 Dex+7 SInv}
   (You took it off a deep elf elementalist on level 3 of the Elven Halls)

   [ring of flight]

   Str-2:     It affects your strength (-2).
   Dex+7:     It affects your dexterity (+7).
   rN+:       It protects you from negative energy.
   SInv:      It lets you see invisible.
   Fly:       It grants you flight.
Wands
 e - a wand of mindburst (36)
 i - a wand of roots (27)
 v - a wand of digging (23)
 w - a wand of polymorph (19)
 C - a wand of charming (45)
 W - a wand of acid (29)
 Z - a wand of flame (69)
Scrolls
 b - 10 scrolls of butterflies
 f - 11 scrolls of enchant weapon
 g - 14 scrolls of vulnerability
 h - 11 scrolls of amnesia
 m - 3 scrolls of silence
 o - a scroll of revelation
 u - 5 scrolls of fear
 y - 12 scrolls of immolation
 I - 9 scrolls of fog
 L - 19 scrolls of noise
 N - 5 scrolls of poison
 Q - 4 scrolls of torment
Potions
 d - 17 potions of curing
 p - 6 potions of resistance
 q - 3 potions of invisibility
 s - 10 potions of heal wounds
 z - 3 potions of cancellation
 B - 8 potions of enlightenment
 F - 7 potions of lignification
 G - 8 potions of ambrosia
 H - 4 potions of brilliance
 P - 6 potions of magic
 S - 4 potions of mutation
Miscellaneous
 a - a phial of floods
 x - a sack of spiders (inert)
 Y - a phantom mirror


   Skills:
 * Level 21.8 Fighting
 - Level 26.0 Ranged Weapons
 - Level 12.0 Armour
 - Level 18.0 Dodging
 - Level 1.2 Stealth
 - Level 23.0 Shields
 - Level 5.0 Spellcasting
 - Level 12.0 Hexes
 - Level 5.5 Translocations
 - Level 22.0 Invocations
 - Level 14.0 Evocations


You had 29 spell levels left.
You knew the following spells:

 Your Spells              Type           Power      Damage    Failure   Level
a - Sigil of Binding      Hex            26%        N/A       1%          3
b - Dimensional Bullseye  Hex/Tloc       10%        N/A       10%         4

Your spell library contained the following spells:

 Spells                   Type           Power      Damage    Failure   Level
 Jinxbite                 Hex            52%        N/A       1%          2
 Confusing Touch          Hex            26%        N/A       1%          3
 Cause Fear               Hex            13%        N/A       2%          4
 Apportation              Tloc           26%        N/A       3%          1
 Ensorcelled Hibernation  Hex/Ice        28%        N/A       4%          2
 Dazzling Flash           Conj/Hex       28%        N/A       9%          3
 Inner Flame              Hex/Fire       14%        N/A       9%          3
 Momentum Strike          Conj/Tloc      16%        3d8       17%         2
 Anguish                  Hex/Necr       7%         N/A       30%         4
 Kiss of Death            Conj/Necr      8%         2d6       34%         1
 Sandblast                Erth           4%         2d4       34%         1
 Sting                    Conj/Alch      8%         1d3       34%         1
 Manifold Assault         Tloc           13%        N/A       36%         4
 Call Imp                 Summ           4%         N/A       47%         2
 Cigotuvi's Dreadful Rot  Necr/Alch/Air  4%         N/A       47%         2
 Mercury Vapours          Alch/Air       4%         N/A       47%         2
 Scorch                   Fire           4%         2d5       47%         2
 Sublimation of Blood     Necr           2%         N/A       47%         2
 Silence                  Hex/Air        7%         N/A       63%         5
 Yara's Violent Unravell  Hex/Alch       7%         3d5       63%         5
 Call Canine Familiar     Summ           2%         N/A       71%         3
 Fugue of the Fallen      Necr           2%         N/A       71%         3
 Hailstorm                Conj/Ice       2%         3d5       71%         3
 Mephitic Cloud           Conj/Alch/Air  2%         N/A       71%         3
 Ozocubu's Armour         Ice            2%         N/A       71%         3
 Stone Arrow              Conj/Erth      4%         3d7       71%         3
 Summon Ice Beast         Ice/Summ       2%         N/A       71%         3
 Enfeeble                 Hex            13%        N/A       91%         7
 Animate Armour           Summ/Erth      4%         N/A       98%         4
 Brom's Barrelling Bould  Conj/Erth      2%         2d3       98%         4
 Dispel Undead            Necr           2%         3d7       98%         4
 Ignite Poison            Fire/Alch      2%         N/A       98%         4
 Leda's Liquefaction      Alch/Erth      1%         N/A       98%         4
 Martyr's Knell           Necr/Summ      2%         N/A       98%         4
 Olgreb's Toxic Radiance  Alch           2%         N/A       98%         4
 Petrify                  Alch/Erth      2%         N/A       98%         4
 Summon Blazeheart Golem  Fire/Summ      2%         N/A       98%         4
 Summon Lightning Spire   Summ/Air       2%         N/A       98%         4
 Dispersal                Tloc           6%         N/A       99%         6
 Alistair's Intoxication  Alch           1%         N/A       100%        5
 Arcjolt                  Conj/Air       1%         1d11      100%        5
 Curse of Agony           Necr           2%         N/A       100%        5
 Fireball                 Conj/Fire      1%         3d3       100%        5
 Freezing Cloud           Conj/Ice/Air   1%         6-21      100%        5
 Irradiate                Conj/Alch      1%         3d12      100%        5
 Iskenderun's Battlesphe  Conj           2%         2d6       100%        5
 Lee's Rapid Deconstruct  Erth           1%         3d4*      100%        5
 Bombard                  Conj/Erth      1%         9d1       100%        6
 Conjure Ball Lightning   Conj/Air       1%         3x3d6     100%        6
 Death Channel            Necr           1%         N/A       100%        6
 Plasma Beam              Fire/Air       1%         2x1d11    100%        6
 Sculpt Simulacrum        Ice/Alch       1%         N/A       100%        6
 Haunt                    Necr/Summ      1%         N/A       100%        7
 Orb of Destruction       Conj           1%         9d5       100%        7
 Spellforged Servitor     Conj/Summ      1%         N/A       100%        7
 Ignition                 Fire           1%         3d3       100%        8
 Lehudib's Crystal Spear  Conj/Erth      1%         10d2      100%        8
 Vhi's Electric Charge    Tloc/Air       Unusable   N/A       N/A         4

Dungeon Overview and Level Annotations

Branches:
Dungeon (15/15)            Temple (0/1) D:7            Lair (5/5) D:11
 Shoals (4/4) Lair:3        Snake (4/4) Lair:3        Slime (5/5) Lair:4
    Orc (2/2) D:10            Elf (3/3) Orc:2        Vaults (4/5) D:13
  Crypt (0/3) Vaults:2     Depths (4/4) D:15            Zot (5/5) Depths:4
 WizLab (visited)

Altars:
Elyvilon
Nemelex Xobeh
Okawaru
Ru
Sif Muna
Trog
Uskayaw
Wu Jian
Xom
The Shining One
Jiyva

Shops:
D:2 [   D:4 :   D:5 *   D:8 !   Orc:2 *[=   Elf:2 !   Snake:4 (   Vaults:2 *
Vaults:3 *   Depths:1 *

Portals:
Hell: Depths:1 Depths:2 Depths:3 Depths:4
Abyss: Depths:3 Depths:4
Pandemonium: Depths:2
Ziggurat: Depths:4

Annotations:
D:5 exclusion: 2 doors, Grinder
D:8 2 runed translucent doors, bmj180's ghost, novice HuCj
D:10 exclusion: 2 downstairs
D:12 3 runed translucent doors, exclusions: downstairs and obsidian statue, snipermoke's ghost, journeyman GrGl
Lair:2 2 runed translucent doors, exclusion: downstairs, utilitronium's ghost, journeyman MiBe
Shoals:2 1 runed translucent door, Raspi's ghost, adept OnMo
Elf:2 3 runed translucent doors
Elf:3 Roxanne
Depths:4 exclusions: angel and 3 more exclusions
Zot:2 Parghit


Innate Abilities, Weirdness & Mutations

You cannot be hasted, slowed, berserked, paralysed or teleported.
You can dig through walls and to a lower floor.
You have a pair of large antennae on your head. (SInv)
Your four strong arms can wield two-handed weapons with a shield.
You expend magic power (3 MP) to strengthen your wands.


Message History

There is an open door here.
There is an open door here.
There is a stone staircase leading up here.
You climb upwards.
There is a stone staircase leading down here.
There is a stone staircase leading up here.
You climb upwards.
There is a stone staircase leading down here.
There is a stone staircase leading up here.
You climb upwards.
Level annotation: exclusion: 2 doors, Grinder
There is a stone staircase leading down here.
There is a stone staircase leading up, spattered with blood here.
You climb upwards.
There is a stone staircase leading down, spattered with blood here.
You sense a monster nearby.
There is a stone staircase leading up here.
You climb upwards.
There is a stone staircase leading down here.
What level of the Dungeon? (default 1, ? - help)
You sense a monster nearby.
A hell hog comes into view.
The hell hog moves out of view.
You see here a +0 cloak.
There is a stone staircase leading up here.
You climb upwards.
There is a stone staircase leading down here.
What level of the Dungeon? (default 1, ? - help)
There is a stone staircase leading up here.
You climb upwards.
There is a stone staircase leading down here.
There is a staircase leading out of the dungeon here.
There is a staircase leading out of the dungeon here.
You feel extremely strange.
Your body's shape seems more normal.
Your talons dull and shrink into feet.
You feel clever. x2
You feel extremely strange.
You feel stupid.
You feel agile.
You reach into the sack... ...and things crawl out!
The sack is emptied!
You have escaped!

.########.# #.##8#####.....#
.# #.# #..#.#(....##### .#
#.# ####.#####.# ##### .#
#.####.....###.######...# .#
###.##..8...8..#..........#
.#
#...##.........###.####...#
##
#.#.#...........##...###.##
# ##.###....s......###..#
#.# #
#..8.......@.......8..# #.##
#
#..###....sss....###.####...
#
#....#...........#.........#
#
##.#.##.........##########.#
#
#.#.##.........#..........#
#
#.#.####.....##############
# #.....##.....# ##########
# ###.####.....## #........#
# #.# #8.....8###.######.#


You could see 2 friendly culicivoras, a friendly tarantella (summoned) and a
friendly redback (summoned).

Vanquished Creatures
  the Royal Jelly (Slime:5)
  4 dread liches
  Mennas (Vaults:3)
  3 orbs of fire (Zot:5)
  2 ancient liches
  3 juggernauts
  Josephina (Zot:2)
  2 curse toes
  10 Killer Klowns (Zot:5)
  A caustic shrike (Depths:3)
  Margery (Depths:3)
  Nikola (Shoals:2)
  Norris (Vaults:1)
  10 golden dragons
  A Tzitzimitl (D:11)
  A bone dragon (Depths:4)
  3 pandemonium lords
  2 electric golems (Zot:5)
  11 tentacled monstrosities
  Jorgrun (D:14)
  29 Orb Guardians
  An Ice Fiend (D:11)
  2 Hell Sentinels
  5 liches
  A walking divine tome (Depths:2)
  A moon troll (WizLab)
  Asterion (Vaults:3)
  A titan (D:15)
  A deep elf blademaster (Elf:3)
  A searing wretch (Depths:3)
  4 quicksilver dragons
  10 acid blobs
  8 tentacled starspawn (WizLab)
  7 sphinxes
  Frances (D:13)
  2 death cobs
  Kirke (Elf:1)
  Gastronok (Lair:3)
  An ancient champion (D:15)
  2 shadow dragons
  3 tengu reavers (Depths:2)
  12 storm dragons
  5 draconian monks
  9 draconian knights
  8 rockslimes
  Ilsuiw (Shoals:2)
  11 nagarajas
  5 frost giants
  16 azure jellies
  8 fire giants
  8 deep elf sorcerers (Elf:3)
  2 iron dragons
  10 vault wardens
  3 ghost moths
  6 draconian scorchers
  A balrug (Depths:1)
  3 draconian shifters (Zot:5)
  A cacodemon (WizLab)
  4 deep elf elementalists
  13 ironbound preservers
  A spriggan defender (Depths:3)
  6 draconian stormcallers
  An orc warlord (Vaults:4)
  5 draconian annihilators
  15 stone giants
  6 quicksilver oozes
  8 formless jellyfish
  A demonspawn blood saint (Zot:5)
  23 very ugly things
  10 green draconians
  4 vampire knights
  A juggernaut skeleton (Depths:2)
  8 ironbound thunderhulks
  8 deep elf annihilators
  3 deep elf demonologists
  4 lorocyprocas
  Nessos (D:12)
  6 deep elf death magi
  A demonspawn black sun (Zot:5)
  7 red draconians
  9 dire elephants
  4 war gargoyles
  Azrael (D:13)
  5 starcursed masses (WizLab)
  7 black draconians
  8 purple draconians
  13 yellow draconians
  9 spark wasps
  12 white draconians
  An eidolon (Depths:1)
  11 fire dragons
  10 ettins
  Snorg (Orc:1)
  14 merfolk impalers
  8 merfolk javelineers
  3 jiangshi (Depths:4)
  An entropy weaver (Vaults:4)
  2 crystal guardians (WizLab)
  5 deep elf high priests (Elf:3)
  12 yaktaur captains
  Erolcha (D:13)
  7 ice dragons
  8 great orbs of eyes
  A hell beast (D:15)
  5 rakshasas
  11 vault guards
  3 merfolk avatars
  2 spriggan air magi (Depths:2)
  5 ironbound frosthearts
  3 death knights
  15 centaur warriors
  2 ogre magi
  2 peacekeepers
  A salamander tyrant (Snake:4)
  4 satyrs
  20 anacondas
  3 merfolk aquamancers
  4 hydras
  2 catoblepae (Lair:5)
  6 boulder beetles
  23 dancing weapons
  2 vampire magi
  4 tengu warriors
  3 two-headed ogres
  An alligator snapping turtle (Shoals:3)
  7 deep troll earth magi
  23 death yaks
  An orc high priest (Orc:2)
  2 occultists (Depths:2)
  7 deep troll shamans
  2 spriggan berserkers
  15 naga sharpshooters
  22 naga warriors
  16 hell knights
  6 shock serpents
  12 deep elf knights
  A sun demon (D:15)
  5 skysharks
  A soul eater (Zot:5)
  A wretched star (WizLab)
  9 iron trolls
  An orange crystal statue (WizLab)
  23 sea snakes
  7 flayed ghosts
  An orb spider (shapeshifter) (Depths:4)
  10 glowing orange brains
  2 spectral anacondas (Snake:4)
  2 salamander mystics (Snake:4)
  4 skeletal warriors
  8 naga ritualists
  A quicksilver dragon simulacrum (Depths:1)
  9 arcanists
  2 steelbarb worms (shapeshifter)
  6 deep elf archers
  22 ironbound convokers
  53 deep trolls
  10 mana vipers
  9 orc knights
  8 phantasmal warriors
  23 deep elf zephyrmancers
  3 necromancers
  An oklob plant (Shoals:4)
  2 lindwurms (Vaults:3)
  30 deep elf pyromancers
  35 ugly things
  7 manticores
  11 cyclopes
  A faun (shapeshifter) (Depths:2)
  26 harpies
  3 orc sorcerers
  5 shining eyes
  A salamander (shapeshifter) (Depths:3)
  13 moths of wrath
  A large abomination (D:15)
  9 fauns
  10 guardian serpents
  10 merfolk sirens
  A rust devil (Zot:5)
  14 salamanders
  20 naga magi
  A moth of wrath (shapeshifter) (Depths:2)
  14 elephants
  5 kobold blastminers
  6 water nymphs
  A fire giant skeleton (Depths:2)
  12 vault sentinels
  43 black mambas
  A molten gargoyle (D:13)
  2 guardian serpents (shapeshifter)
  A gargoyle (D:11)
  A torpor snail (Lair:5)
  An orange demon (Depths:4)
  6 eyes of devastation
  8 cane toads
  2 hellions
  3 rime drakes (Lair:5)
  6 spectral nagas
  An anaconda simulacrum (Snake:4)
  39 yaktaurs
  3 efreet
  2 freezing wraiths
  A ghost moth simulacrum (Zot:2)
  5 komodo dragons
  4 tengu conjurers
  6 kobold demonologists
  6 trolls
  2 polar bears
  2 spectral guardian serpents (Snake:4)
  A hellwing (Depths:4)
  A queen bee (D:13)
  22 merfolk
  2 glass eyes (Slime:5)
  5 wind drakes
  29 blink frogs
  3 hornets
  A tarantella (Vaults:4)
  10 dream sheep
  A raiju (D:13)
  A blink frog (shapeshifter) (D:15)
  13 snapping turtles
  A stone giant simulacrum (Depths:2)
  A frost giant simulacrum (Depths:2)
  A raiju (shapeshifter) (Elf:3)
  2 draconian simulacra (Zot:2)
  88 slime creatures
  A shadow (D:11)
  2 centaur simulacra
  2 vampires
  3 wraiths
  2 air elementals (Elf:1)
  A guardian serpent skeleton (Snake:4)
  A hog (Elf:1)
  3 wyverns
  74 yaks
  16 water elementals
  A ynoxinul (Depths:4)
  2 redbacks (Vaults:4)
  6 basilisks
  A warg (Orc:1)
  3 fire elementals
  7 golden eyes (Slime:5)
  4 steam dragons
  4 vampire mosquitoes
  A glowing shapeshifter zombie (Depths:2)
  5 neqoxecs (WizLab)
  A redback simulacrum (D:14)
  2 sea snake simulacra (Snake:4)
  A small abomination (Depths:4)
  2 acid dragons (D:13)
  68 nagas
  20 water moccasins
  2 moth of wrath simulacra (Zot:2)
  3 hell hounds
  2 sky beasts
  An ice beast (D:5)
  A black bear (Lair:5)
  35 orc warriors
  5 ogres
  20 wolves
  17 centaurs
  4 kobold brigands
  An earth elemental (Elf:1)
  13 bullfrogs
  3 scorpions
  2 gnoll sergeants
  4 naga simulacra (Snake:4)
  2 wights (D:10)
  6 killer bees
  11 howler monkeys
  6 electric eels
  A lava snake (D:12)
  A jelly (D:7)
  7 hounds
  2 bombardier beetles (D:6)
  A gnoll bouda (D:4)
  8 orc priests
  Jessica (D:2)
  16 orc wizards
  5 iguanas
  4 sleepcaps
  4 naga skeletons (Snake:4)
  16 gnolls
  11 adders
  A shadow imp (D:7)
  A white imp (D:8)
  2 ufetubi (D:6)
  2 dart slugs
  53 orcs
  9 ball pythons
  9 endoplasms
  6 giant cockroaches
  6 goblins
  9 hobgoblins
  11 jackals
  3 quokkas
  6 bats
  A frilled lizard (D:1)
  19 kobolds
  6 rats
  9 starspawn tentacles (WizLab)
2163 creatures vanquished.

Vanquished Creatures (collateral kills)
  Rupert (Lair:3)
  Donald (Orc:2)
  A quicksilver ooze (Slime:5)
  A merfolk aquamancer (Shoals:4)
  A yak (shapeshifter) (D:13)
  Grum (D:9)
  A wolf (D:9)
  3 gnolls (D:4)
  An adder (D:6)
11 creatures vanquished.

Vanquished Creatures (others)
  A vault warden (Vaults:4)
  A harpy (Shoals:3)
  A harpy (shapeshifter) (D:13)
  A naga mage (Snake:4)
  A human (Elf:1)
  A boggart (D:14)
  3 killer bees (D:13)
  An adder (D:6)
  18 starspawn tentacles (WizLab)
28 creatures vanquished.

Grand Total: 2202 creatures vanquished

Notes
Turn   | Place    | Note
-------+----------+-------------------------------------------
     0 | D:1      | Solx the Formicid Hunter began the quest for the Orb.
     0 | D:1      | Reached XP level 1. HP: 16/16 MP: 1/1
   137 | D:1      | Reached XP level 2. HP: 21/23 MP: 2/2
   559 | D:1      | Reached XP level 3. HP: 28/28 MP: 3/3
  1052 | D:2      | Reached XP level 4. HP: 35/35 MP: 4/4
  1162 | D:2      | Reached skill level 5 in Ranged Weapons
  1205 | D:2      | Found Eluequro's Antique Armour Shoppe.
  1281 | D:2      | Noticed Jessica
  1285 | D:2      | Killed Jessica
  1508 | D:3      | Reached XP level 5. HP: 41/41 MP: 5/5
  2314 | D:3      | Reached skill level 6 in Ranged Weapons
  2317 | D:4      | Reached XP level 6. HP: 46/48 MP: 6/6
  2329 | D:4      | Found Pijireji's Book Shoppe.
  3472 | D:5      | Entered Level 5 of the Dungeon
  3486 | D:5      | Reached XP level 7. HP: 47/55 MP: 7/7
  3499 | D:5      | Noticed Grinder
  3985 | D:5      | Reached skill level 7 in Ranged Weapons
  4029 | D:5      | Reached skill level 5 in Fighting
  4029 | D:5      | Reached skill level 1 in Evocations
  4340 | D:5      | Found Lyuly's Serpentskin Sales.
  4340 | D:5      | Noticed a water moccasin
  4340 | D:5      | Noticed a water moccasin
  4737 | D:6      | Reached XP level 8. HP: 58/63 MP: 8/8
  5102 | D:7      | Upgraded the game from 0.31-a0-1612-g4aaf141004 to
                  | 0.31-a0-1616-gbeaec30b81
  5284 | D:7      | Reached skill level 8 in Ranged Weapons
  5527 | D:2      | Bought an ancient leather armour for 189 gold pieces
  5527 | D:2      | Identified the +0 leather armour of Spaghetti {Rampage
                  | Str+3} (You bought it in a shop on level 2 of the Dungeon)
  5889 | D:6      | Reached XP level 9. HP: 60/69 MP: 9/9
  6037 | D:6      | Found a hide-covered altar of Uskayaw.
  6068 | D:6      | Became a worshipper of Uskayaw the Reveller
  6080 | D:6      | Reached * piety under Uskayaw
  6083 | D:6      | Reached skill level 5 in Evocations
  6366 | D:7      | Reached ** piety under Uskayaw
  6510 | D:7      | Reached *** piety under Uskayaw
  6513 | D:7      | Reached **** piety under Uskayaw
  6517 | D:7      | Reached skill level 1 in Invocations
  6529 | D:7      | Found a staircase to the Ecumenical Temple.
  6665 | D:7      | Reached skill level 9 in Ranged Weapons
  7968 | D:8      | Found Tyasuaga's Distillery.
  7976 | D:8      | Bought a potion of degeneration for 15 gold pieces
  8022 | D:8      | Reached skill level 10 in Ranged Weapons
  8261 | D:8      | Found a large runed translucent door.
  8261 | D:8      | Found a large runed translucent door.
  8262 | D:8      | Noticed bmj180's ghost (novice HuCj)
  8265 | D:8      | Identified the +3 mace of Demand {flame, Str+2 Dex+2}
  8508 | D:9      | Noticed a kobold demonologist
  8510 | D:9      | Killed a kobold demonologist
  9072 | D:9      | Reached skill level 11 in Ranged Weapons
  9072 | D:9      | Reached skill level 1 in Armour
  9072 | D:9      | Reached XP level 10. HP: 79/79 MP: 13/13
  9083 | D:9      | Reached ***** piety under Uskayaw
  9729 | D:9      | Noticed Grum
  9731 | D:9      | Reached skill level 12 in Ranged Weapons
  9738 | D:9      | Killed Grum
 10009 | D:10     | Entered Level 10 of the Dungeon
 10106 | D:10     | Noticed a two-headed ogre
 10121 | D:10     | Noticed a kobold demonologist
 10289 | D:10     | Killed a kobold demonologist
 10290 | D:10     | Reached skill level 13 in Ranged Weapons
 10643 | D:10     | Noticed a kobold demonologist
 10647 | D:10     | Noticed a kobold demonologist
 10648 | D:10     | Noticed a soul eater
 10651 | D:10     | Noticed a smoke demon
 10653 | D:10     | Killed a kobold demonologist
 10654 | D:10     | Reached XP level 11. HP: 71/87 MP: 14/14
 10884 | D:10     | Killed a two-headed ogre
 10885 | D:10     | Reached skill level 14 in Ranged Weapons
 10885 | D:10     | Reached skill level 5 in Invocations
 11249 | D:10     | Noticed a soul eater
 11255 | D:10     | Reached skill level 5 in Armour
 11368 | D:10     | Reached skill level 15 in Ranged Weapons
 11826 | D:10     | Found a staircase to the Orcish Mines.
 12333 | D:11     | Identified the +1 pair of boots of the Blessed Realm
                  | {Regen+ Dex+5 Stlth-}
 12480 | D:11     | Noticed a cyclops
 12682 | D:11     | Noticed a cyan ugly thing
 12692 | D:11     | Killed a cyan ugly thing
 12834 | D:11     | Noticed a boulder beetle
 12846 | D:11     | Killed a boulder beetle
 12847 | D:11     | Reached skill level 10 in Fighting
 13106 | D:11     | Killed a cyclops
 13107 | D:11     | Reached XP level 12. HP: 97/97 MP: 17/17
 13347 | D:11     | Noticed a two-headed ogre
 13354 | D:11     | Killed a two-headed ogre
 13371 | D:11     | Found a staircase to the Lair.
 13787 | D:12     | Noticed Nessos
 13792 | D:12     | Killed Nessos
 13873 | D:12     | Reached skill level 16 in Ranged Weapons
 13878 | D:12     | Reached ****** piety under Uskayaw
 14026 | D:12     | Noticed a boulder beetle
 14108 | D:12     | Noticed a soul eater
 14289 | D:12     | Found a runed translucent gate.
 14289 | D:12     | Found a runed translucent gate.
 14289 | D:12     | Noticed a flayed ghost
 14290 | D:12     | Found a runed translucent gate.
 14292 | D:12     | Noticed snipermoke's ghost (journeyman GrGl)
 14337 | D:12     | Killed a boulder beetle
 14477 | Lair:1   | Entered Level 1 of the Lair of Beasts
 14514 | Lair:1   | Reached skill level 5 in Dodging
 14611 | Lair:1   | Reached XP level 13. HP: 96/103 MP: 19/19
 14739 | Lair:1   | Identified the +0 ring mail of Visepsa {rC+ Will+ Str+3}
 14792 | Lair:1   | Reached skill level 17 in Ranged Weapons
 16346 | Lair:2   | Found a large runed translucent door.
 16347 | Lair:2   | Found a large runed translucent door.
 16349 | Lair:2   | Noticed utilitronium's ghost (journeyman MiBe)
 16420 | Lair:2   | Reached XP level 14. HP: 114/114 MP: 20/20
 16668 | Lair:2   | Reached skill level 18 in Ranged Weapons
 17100 | Lair:3   | Found a staircase to the Shoals.
 17112 | Lair:3   | Noticed Rupert
 17326 | Lair:3   | Noticed Gastronok
 17351 | Lair:3   | Killed Gastronok
 17484 | Orc:1    | Entered Level 1 of the Orcish Mines
 17557 | Orc:2    | Entered Level 2 of the Orcish Mines
 17972 | Orc:1    | Noticed Snorg
 17984 | Orc:1    | Killed Snorg
 18480 | Orc:2    | Noticed Donald
 18756 | D:13     | Noticed Azrael
 19055 | D:13     | Noticed Frances
 19062 | D:13     | Killed Frances
 19063 | D:13     | Reached skill level 10 in Invocations
 19267 | D:13     | Noticed Erolcha
 19279 | D:13     | Killed Erolcha
 19372 | D:13     | Killed Azrael
 19477 | D:13     | Found a sparkling altar of Nemelex Xobeh.
 19552 | D:13     | Reached XP level 15. HP: 112/120 MP: 23/23
 19620 | D:13     | Found a gate to the Vaults.
 20104 | D:13     | Reached skill level 19 in Ranged Weapons
 20263 | D:14     | Reached skill level 1 in Spellcasting
 20321 | D:14     | Noticed Jorgrun
 20334 | D:14     | Killed Jorgrun
 20380 | D:14     | Reached skill level 10 in Dodging
 20672 | D:14     | Reached skill level 5 in Shields
 21319 | D:14     | Found a bloodstained altar of Trog.
 21474 | D:15     | Entered Level 15 of the Dungeon
 21492 | D:15     | Found a bloodstained altar of Trog.
 21951 | D:15     | Reached XP level 16. HP: 88/127 MP: 25/25
 22662 | D:15     | Found a staircase to the Depths.
 23192 | Orc:2    | Killed Donald
 23247 | Orc:2    | Found a staircase to the Elven Halls.
 23257 | Orc:2    | Reached skill level 10 in Shields
 23666 | Orc:2    | Found Kemas's Assorted Antiques.
 23666 | Orc:2    | Found Qyuf's Armour Shop.
 23668 | Orc:2    | Found Ponadgh's Jewellery Boutique.
 23670 | Orc:2    | Found Xost's Armour Shoppe.
 23689 | Orc:2    | Bought a scroll of fear for 92 gold pieces
 23689 | Orc:2    | Bought a scroll of fear for 92 gold pieces
 23689 | Orc:2    | Bought a phial of floods for 920 gold pieces
 24061 | Lair:3   | Found a staircase to the Snake Pit.
 24688 | Lair:4   | Reached skill level 20 in Ranged Weapons
 25034 | Lair:4   | Found a viscous altar of Jiyva.
 25036 | Lair:4   | Found a staircase to the Slime Pits.
 25382 | Lair:5   | Entered Level 5 of the Lair of Beasts
 25415 | Lair:5   | Reached skill level 1 in Hexes
 25761 | Lair:5   | Reached XP level 17. HP: 133/133 MP: 26/26
 25791 | Lair:5   | Reached skill level 5 in Spellcasting
 26430 | Lair:5   | Identified the ring of Bagixim {rN++ Dex+6}
 26435 | Lair:5   | Identified the staff of Mier Onu {rF+ rC+ rN+ Ice}
 26783 | Lair:3   | Killed Rupert
 26902 | Shoals:1 | Entered Level 1 of the Shoals
 27968 | Shoals:2 | Found a runed translucent door.
 27969 | Shoals:2 | Noticed Raspi's ghost (adept OnMo)
 27969 | Shoals:2 | Found the +7 sceptre of Torment {pain, torment}
 28001 | Shoals:2 | Reached skill level 10 in Armour
 28177 | Shoals:2 | Noticed Nikola
 28187 | Shoals:2 | Killed Nikola
 28263 | Shoals:2 | Noticed Ilsuiw
 28274 | Shoals:2 | Killed Ilsuiw
 28284 | Shoals:2 | Reached skill level 5 in Hexes
 28465 | Shoals:3 | Reached XP level 18. HP: 141/141 MP: 28/28
 28585 | Shoals:3 | Reached skill level 1 in Translocations
 28847 | Shoals:3 | Reached skill level 15 in Shields
 29194 | Shoals:4 | Entered Level 4 of the Shoals
 29286 | Shoals:4 | Found a glowing golden altar of the Shining One.
 29692 | Shoals:4 | Got a barnacled rune of Zot
 29870 | Shoals:4 | Learned a level 3 spell: Sigil of Binding
 30748 | Snake:1  | Entered Level 1 of the Snake Pit
 30863 | Lair:3   | Reached XP level 19. HP: 134/149 MP: 20/29
 31661 | Snake:1  | Found an iron altar of Okawaru.
 32049 | Snake:2  | Reached skill level 10 in Hexes
 33347 | Snake:3  | Reached XP level 20. HP: 156/156 MP: 30/30
 33369 | Snake:3  | Learned a level 4 spell: Dimensional Bullseye
 33497 | Snake:3  | Reached skill level 5 in Translocations
 33720 | Snake:4  | Entered Level 4 of the Snake Pit
 33987 | Snake:4  | Found Qarrusish's Weapon Shop.
 35056 | Snake:4  | Reached skill level 21 in Ranged Weapons
 35139 | Snake:4  | Got a serpentine rune of Zot
 35551 | Vaults:1 | Entered Level 1 of the Vaults
 35825 | Vaults:1 | Reached XP level 21. HP: 162/162 MP: 31/31
 35976 | Vaults:1 | Noticed Norris
 36030 | Vaults:1 | Killed Norris
 36516 | Vaults:1 | Identified the +7 flail of the Ecumenical Temple {freeze,
                  | rPois rF+ Will+ Str-2}
 36686 | Vaults:1 | Reached skill level 22 in Ranged Weapons
 37283 | Snake:4  | Bought the +7 triple crossbow "Giantslayer" {penet, rElec
                  | rPois Will+ Str-3} for 1550 gold pieces
 37587 | Elf:1    | Entered Level 1 of the Elven Halls
 38076 | Elf:1    | Found a shimmering blue altar of Sif Muna.
 38077 | Elf:1    | Noticed Kirke
 38081 | Elf:1    | Killed Kirke
 38911 | Elf:2    | Found a runed translucent gate.
 38911 | Elf:2    | Found a runed translucent gate.
 38911 | Elf:2    | Found a runed translucent gate.
 38934 | Elf:2    | Found Zetwemo's Distillery.
 38964 | Elf:2    | Bought a potion of curing for 63 gold pieces
 39294 | Elf:3    | Entered Level 3 of the Elven Halls
 39366 | Elf:3    | Reached skill level 23 in Ranged Weapons
 39371 | Elf:3    | Reached XP level 22. HP: 172/172 MP: 32/32
 39533 | Elf:3    | Noticed Roxanne
 40212 | Elf:3    | Identified the +3 leather armour of Misanthropy {Dex+3}
 40212 | Elf:3    | Identified the ring of Wawuib {Fly rN+ Str-2 Dex+7 SInv}
 40254 | Elf:3    | Identified the +1 lajatang of Noum Tom {holy, Int+4}
 40254 | Elf:3    | Identified a ring of Prescription {^Drain rC+ rN+ rCorr
                  | MP+9}
 40349 | Elf:3    | Got Loffoher's Collected Works on Virulent Distance
 40421 | Elf:3    | Got Muymabb's Commentary on the Throng
 40423 | Elf:3    | Identified the staff "Xoimiwy" {rElec rPois Air}
 40443 | Elf:3    | Got Ovvem's Thoughts on Ensnaring Mustering
 41269 | Vaults:2 | Reached skill level 24 in Ranged Weapons
 41403 | Vaults:2 | Found a staircase to the Crypt.
 42132 | Vaults:2 | Found Neyrru's Assorted Antiques.
 42138 | Vaults:2 | Bought a potion of heal wounds for 115 gold pieces
 42138 | Vaults:2 | Bought a pair of runed gloves for 172 gold pieces
 42377 | Vaults:3 | Reached XP level 23. HP: 178/178 MP: 33/33
 42390 | Vaults:3 | Noticed Mennas
 42400 | Vaults:3 | Killed Mennas
 42480 | Vaults:3 | Found a magical portal.
 42489 | WizLab   | Entered Lehudib's Moon Base
 42548 | WizLab   | Found a transporter.
 42601 | WizLab   | Reached skill level 25 in Ranged Weapons
 42713 | WizLab   | Gained mutation: You are clumsy. (Dex -2) [a neqoxec]
 42913 | WizLab   | Gained mutation: You have hidden genetic defects. [a
                  | neqoxec]
 42915 | WizLab   | Lost mutation: You are clumsy. (Dex -2) [potion of
                  | mutation]
 42915 | WizLab   | Lost mutation: You have hidden genetic defects. [potion of
                  | mutation]
 42915 | WizLab   | Gained mutation: Your body sometimes deteriorates upon
                  | taking damage. [potion of mutation]
 42915 | WizLab   | Gained mutation: You have sharp toenails. [potion of
                  | mutation]
 42915 | WizLab   | Gained mutation: You are frail. (-10% HP) [potion of
                  | mutation]
 42915 | WizLab   | Gained mutation: You are partially covered in iridescent
                  | scales. (AC +2) [potion of mutation]
 42916 | WizLab   | Lost mutation: You are partially covered in iridescent
                  | scales. (AC +2) [potion of mutation]
 42916 | WizLab   | Lost mutation: You are frail. (-10% HP) [potion of
                  | mutation]
 42916 | WizLab   | Lost mutation: Your body sometimes deteriorates upon taking
                  | damage. [potion of mutation]
 42977 | WizLab   | Found a transporter.
 43169 | WizLab   | Identified the ring of Cagixaim {Ice +Blink Dex+2}
 43284 | WizLab   | Got Lehudib's Monograph on the Ground
 43347 | WizLab   | Identified the ring of Goschaok {*Corrode ^Drain rElec
                  | rF+++ rC+}
 43351 | WizLab   | Identified the +1 scale mail of Love and Death {rC+}
 43510 | Vaults:3 | Found Yduidif's General Store.
 43514 | Vaults:3 | Noticed Asterion
 43517 | Vaults:3 | Killed Asterion
 44144 | Vaults:3 | Reached skill level 15 in Fighting
 44675 | Vaults:4 | Noticed a golden dragon
 44697 | Vaults:4 | Noticed a golden dragon
 44703 | Vaults:4 | Reached XP level 24. HP: 189/189 MP: 34/34
 44705 | Vaults:4 | Killed a golden dragon
 44890 | Vaults:4 | Reached skill level 26 in Ranged Weapons
 44890 | Vaults:4 | Reached skill level 15 in Invocations
 45149 | Vaults:4 | Killed a golden dragon
 45231 | Vaults:4 | Identified the +1 trident of Hops {speed, Dex+2}
 45533 | Depths:1 | Entered Level 1 of the Depths
 45588 | Depths:1 | Noticed a juggernaut
 45605 | D:15     | Killed a juggernaut
 45905 | Depths:1 | Found Looll's General Store.
 45943 | Depths:1 | Found a gateway to Hell.
 46036 | Depths:1 | Identified the +0 demon whip of Ahoyk {flame, Fly rC+++
                  | Str-5 Stlth+}
 46057 | Depths:1 | Identified the +1 ring mail "Macsonku" {rElec rF++ Will+
                  | Int-2}
 46129 | Depths:1 | Identified the +2 quarterstaff "Vyesoar" {vamp, SInv}
 46301 | Depths:1 | Found a shadowy altar of Dithmenos.
 46303 | Depths:1 | Found a shimmering blue altar of Sif Muna.
 46303 | Depths:1 | Found a white marble altar of Elyvilon.
 46310 | Depths:1 | Found a sacrificial altar of Ru.
 46310 | Depths:1 | Found a shimmering blue altar of Sif Muna.
 46310 | Depths:1 | Found a shimmering altar of Xom.
 46571 | Depths:2 | Found a one-way gate leading to the halls of Pandemonium.
 47003 | Depths:2 | Reached XP level 25. HP: 200/200 MP: 35/35
 47349 | Depths:2 | Noticed a juggernaut
 47357 | Depths:2 | Killed a juggernaut
 47358 | Depths:2 | Reached skill level 10 in Evocations
 47421 | Depths:2 | Got The Wizard's Wisdom and You
 47501 | Depths:3 | Found a one-way gate to the infinite horrors of the Abyss.
 47657 | Depths:3 | Noticed Margery
 47663 | Depths:3 | Killed Margery
 47718 | Depths:3 | Found an ornate altar of the Wu Jian Council.
 47906 | Depths:3 | Noticed an ancient lich
 47909 | Depths:3 | Killed an ancient lich
 48080 | Depths:3 | Noticed a caustic shrike
 48083 | Depths:3 | Killed a caustic shrike
 48112 | Depths:3 | Identified the +0 cloak of Ososh {Str+3 Dex+4}
 48536 | Depths:3 | Reached XP level 26. HP: 195/211 MP: 36/36
 48681 | Depths:4 | Entered Level 4 of the Depths
 48880 | Depths:4 | Identified the +3 scimitar "Fehis" {drain, Str+4}
 48894 | Depths:4 | Found a one-way gateway to a ziggurat.
 48948 | Depths:4 | Noticed a juggernaut
 48956 | Depths:4 | Killed a juggernaut
 49382 | Depths:4 | Found a gate to the Realm of Zot.
 49999 | Slime:1  | Entered Level 1 of the Pits of Slime
 50023 | Slime:1  | Gained mutation: You are clumsy. (Dex -2) [a shining eye]
 50251 | Slime:5  | Entered Level 5 of the Pits of Slime
 50353 | Slime:4  | Gained mutation: Armour fits poorly on your strangely
                  | shaped body. [a shining eye]
 50555 | Slime:5  | Noticed the Royal Jelly
 50565 | Slime:5  | Killed the Royal Jelly
 50600 | Slime:5  | Found the +7 lajatang of Order {silver, rMut}
 50622 | Slime:5  | Found the +5 scythe "Finisher" {speed, execute}
 50679 | Slime:5  | Identified the amulet of Veeliczu {RegenMP Str+2}
 50685 | Slime:5  | Identified the +0 robe of Birdsong {rF++}
 50702 | Slime:5  | Got a slimy rune of Zot
 51333 | Zot:1    | Entered Level 1 of the Realm of Zot
 51333 | Zot:1    | Noticed a curse toe
 51338 | Zot:1    | Killed a curse toe
 51341 | Zot:1    | Reached XP level 27. HP: 208/220 MP: 37/37
 51753 | Zot:2    | Noticed Parghit
 52036 | Zot:3    | Noticed a dread lich
 52038 | Zot:3    | Killed a dread lich
 52038 | Zot:3    | Noticed a dread lich
 52048 | Zot:3    | Identified the amulet "Vinaf" {Faith Harm Str+2}
 52147 | Zot:2    | Identified the staff "Sijaus" {rF- rC+ rCorr Ice Alchemy}
 52147 | Zot:2    | Identified the ring of Makhleb's Hatred {Ice rElec Stlth+}
 52147 | Zot:2    | Noticed Josephina
 52156 | Zot:2    | Killed Josephina
 52185 | Zot:3    | Killed a dread lich
 52247 | Zot:3    | Noticed a dread lich
 52252 | Zot:3    | Killed a dread lich
 52280 | Zot:3    | Identified the staff of the Jumping Big Fish {^Contam rF+
                  | rC++ Int+6 Fire}
 52475 | Zot:3    | Identified the blade talisman of Muttered Phrases {rF+
                  | SInv}
 52568 | Zot:5    | Entered Level 5 of the Realm of Zot
 52694 | Zot:5    | Noticed a Killer Klown
 52698 | Zot:5    | Killed a Killer Klown
 53044 | Zot:4    | Gained mutation: You are dopey. (Int -2) [mutagenic glow]
 53495 | Zot:5    | Reached skill level 15 in Dodging
 53561 | Zot:5    | Noticed a dread lich
 53566 | Zot:5    | Killed a dread lich
 53602 | Zot:5    | Noticed a Killer Klown
 53606 | Zot:5    | Noticed a Killer Klown
 53609 | Zot:5    | Killed a Killer Klown
 53610 | Zot:5    | Killed a Killer Klown
 53610 | Zot:5    | Noticed a Killer Klown
 53611 | Zot:5    | Noticed an orb of fire
 53613 | Zot:5    | Noticed a Killer Klown
 53614 | Zot:5    | Killed an orb of fire
 53616 | Zot:5    | Killed a Killer Klown
 53617 | Zot:5    | Noticed a Killer Klown
 53623 | Zot:5    | Killed a Killer Klown
 53625 | Zot:5    | Killed a Killer Klown
 53646 | Zot:5    | Noticed an orb of fire
 53650 | Zot:5    | Gained mutation: You expend magic power (3 MP) to
                  | strengthen your wands. [an orb of fire]
 53656 | Zot:5    | Killed an orb of fire
 53656 | Zot:5    | Noticed a Killer Klown
 53662 | Zot:5    | Killed a Killer Klown
 53870 | Zot:5    | Noticed a Killer Klown
 53875 | Zot:5    | Killed a Killer Klown
 53875 | Zot:5    | Noticed a Killer Klown
 53886 | Zot:5    | Killed a Killer Klown
 53891 | Zot:5    | Noticed an ancient lich
 53896 | Zot:5    | Killed an ancient lich
 53898 | Zot:5    | Noticed an orb of fire
 53903 | Zot:5    | Noticed a Killer Klown
 53909 | Zot:5    | Killed an orb of fire
 53913 | Zot:5    | Killed a Killer Klown
 54054 | Zot:5    | Got the Orb of Zot
 54261 | Depths:4 | Noticed Ucraopt the pandemonium lord
 54266 | Depths:4 | Killed Ucraopt the pandemonium lord
 54393 | D:15     | Noticed Anilama the pandemonium lord
 54398 | D:15     | Killed Anilama the pandemonium lord
 54500 | D:12     | Noticed Akiocyll the pandemonium lord
 54552 | D:11     | Noticed Dobooryc the pandemonium lord
 54559 | D:11     | Killed Dobooryc the pandemonium lord
 54769 | D:1      | Lost mutation: Armour fits poorly on your strangely shaped
                  | body. [potion of mutation]
 54769 | D:1      | Lost mutation: You have sharp toenails. [potion of
                  | mutation]
 54769 | D:1      | Lost mutation: You are dopey. (Int -2) [potion of mutation]
 54769 | D:1      | Gained mutation: Your mind is acute. (Int +4, Str/Dex -1)
                  | [potion of mutation]
 54770 | D:1      | Lost mutation: Your mind is acute. (Int +4, Str/Dex -1)
                  | [potion of mutation]
 54770 | D:1      | Lost mutation: You are clumsy. (Dex -2) [potion of
                  | mutation]
 54773 | D:$      | Escaped with the Orb!

Illustrated notes

Levels and vault maps discovered:
D:1:      psy_arrival_heroes, layout_loops_ring, minmay_crystal_room
D:2:      layout_basic, serial_shops, shop, grunt_decor_clamped,
          kennysheep_generic_room_14, uniq_jessica
D:3:      layout_basic
D:4:      layout_basic, serial_shops, shop
D:5:      layout_loops_ring, guppyfry_shop_venom, uniq_grinder
D:6:      layout_rooms, mainiacjoe_overflow_24_doors
D:7:      layout_loops_ring, minmay_temple_entry_statues_pillars,
          minmay_manual_mares
D:8:      layout_gridville, serial_shops, shop, ebering_ghost_disaster_area,
          chequers_jeans
D:9:      layout_basic, uniq_grum
D:10:     layout_layer_cave, orc_0_dummy, minmay_joined_circles
D:11:     layout_grid_maze, erik_lair_island, roderic_roman_lattice
D:12:     layout_big_octagon, gammafunk_ghost_spectres, minivault_16,
          uniq_nessos
D:13:     regret_index_nemelex_summoning_deck_glade, layout_small_grid,
          lightli_vaults_fourway_checkpoint, uniq_azrael, uniq_frances,
          uniq_erolcha
D:14:     minmay_triangles_in_corner, layout_cave_pods,
          lemuel_coloured_pillars_altar, uniq_jorgrun
D:15:     hellmonk_depths_entry_around_the_bend, layout_layer_cave,
          trog_three_pillars_becter
Lair:1:   layout_layer_cave, serial_bayou_shore_a, grunt_megastairs_4
Lair:2:   layout_roguey, ebering_ghost_disaster_area,
          chequers_serial_rivers_micro_d, grunt_forest_small_clearings,
          grunt_megastairs_5
Lair:3:   layout_loops_ring, shoals_dummy_entry, nicolae_snake_entry_squirm,
          uniq_rupert, uniq_gastronok
Lair:4:   layout_loops_ring, dpeg_slime_entry_corner
Lair:5:   grunt_lair_end_beastmaster, layout_loops_ring
Shoals:1: layout_shoals
Shoals:2: layout_shoals, gammafunk_ghost_grave, uniq_nikola, uniq_ilsuiw
Shoals:3: layout_shoals
Shoals:4: shoals_end_grunt_ice, layout_shoals, shoal_ilsuiw, lemuel_oklob_altar
Snake:1:  layout_basic, basic_altar, nicolae_snake_ghostly_warrior_ritual,
          lemuel_fruit_tree, grunt_megastairs_3
Snake:2:  layout_grid_maze
Snake:3:  layout_onion, drop_trap, hangedman_snake_corridor_cut
Snake:4:  grunt_snake_rune_pools, layout_misc_corridors, serial_shops, shop,
          nicolae_snake_the_dead_are_slithering
Slime:1:  layout_caves
Slime:2:  layout_caves
Slime:3:  layout_caves
Slime:4:  cheibrodos_slime_lost_civilization_10, layout_caves
Slime:5:  slime_pit
Orc:1:    layout_diamond_mine, guppyfry_library_mini, uniq_snorg
Orc:2:    st_orc_rangers, layout_caves, minmay_orc_keep, uniq_donald
Elf:1:    eino_elf_arrival_the_gate, layout_loops_corners, basic_altar,
          nicolae_elf_blasts_and_bolts, nrook_loot_triangle, uniq_kirke
Elf:2:    elven_hall_of_blades_hangedman_original
          [nicolae_blade_entry_antechamber], layout_loops_cross, serial_shops,
          nicolae_shop_hallway_plus
Elf:3:    minmay_elf_hall_dome, layout_loops_cross, uniq_roxanne
Vaults:1: ontoclasm_vaults_ligature, nicolae_vaults_more_shelving_1,
          nicolae_vaults_network_star, ontoclasm_vaults_loading_screen,
          nicolae_vaults_cochlea, nicolae_vaults_trapezoid_layered,
          nicolae_vaults_network_barrier, vaults_room_semicircle, v_misc_11,
          nicolae_vaults_gold_heap, layout_vaults_quadrants, uniq_norris
Vaults:2: minmay_crypt_entry_simple_corners, vaults_standard_mumra_x,
          nicolae_vaults_storage_room_glass, ontoclasm_vaults_eye,
          nicolae_vaults_little_ls, nicolae_vaults_layer_cake_slice,
          hangedman_vaults_cutoff, nicolae_vaults_what_the_h, vaults_room_fours,
          ontoclasm_vaults_spin, kennysheep_ogre_elephant_herders,
          nicolae_vaults_trapezoid_lopsided_1, ontoclasm_vaults_gateway,
          nicolae_vaults_trapezoid_2, layout_vaults_omnibox, serial_shops,
          nicolae_shop_stone
Vaults:3: infiniplex_enter_wizlab_spiral, v_rooms_4,
          nicolae_vaults_shelves_hall, nicolae_vaults_apartment_1,
          nicolae_vaults_octothorpe, vaults_mumra_chevron, v_pattern_5,
          hangedman_vaults_capsules, vaults_dpeg_cross,
          ontoclasm_vaults_loading_screen, vaults_room_stairs_pillars,
          layout_vaults_big_room, serial_shops, shop, uniq_mennas, uniq_asterion
Vaults:4: grunt_vaults_twisty, v_misc_9, vaults_mumra_minichess, v_misc_3,
          v_alt_pattern_4, vaults_dpeg_hooks, nicolae_vaults_trapezoid_2,
          nicolae_vaults_trapezoid_4, ontoclasm_vaults_hangar,
          serial_library_hellmonk_angled_corner, ontoclasm_vaults_bender,
          nicolae_vaults_circle_grid_b, dpeg_vaults_waves,
          nicolae_vaults_windows_and_doors_thing, layout_vaults_maze_bifur
Depths:1: layout_cave_shapes, grunt_mini_vestibule, doesnt_xom_only_xom,
          serial_shops, nicolae_shop_advertising_works
          [nicolae_subvault_shop_adworks], st_stairs_5, grunt_ministairs_9,
          minmay_hollow_rounded_squares, firewood_loft
Depths:2: grunt_runaround [grunt_runaround_loot, grunt_runaround_doors_1,
          grunt_runaround_doors_2, grunt_runaround_doors_3,
          grunt_runaround_doors_4], pan_entry, serial_shops, hell_entry
Depths:3: minmay_chopped_fan, layout_small_grid, grunt_hell_entry_dis_old,
          nicolae_wu_jian_wuxing_cycle, abyss_entry, dispersion_dpeg,
          uniq_margery
Depths:4: grunt_zot_entry_pinwheel, layout_cave_pools, enter_ziggurat_d,
          hell_entry, abyss_entry, chequers_serial_rivers_small_a
Zot:1:    layout_gridlike
Zot:2:    layout_twisted_circle, uniq_josephina, uniq_parghit
Zot:3:    hellmonk_paralyzer, layout_onion_interference
Zot:4:    layout_gridville, hangedman_zot_gyre
Zot:5:    layout_misc_corridors

Skill      XL: |  1  2  3  4  5  6  7  8  9 10 11 12 13 14 15 16 17 18 19 20 21 22 23 24 25 26 27 |
---------------+----------------------------------------------------------------------------------+-----
Fighting       | 3 4 5 6 7 8 10 11 12 13 14 15 16 18 21 | 21.8
Ranged Weapons | 5 6 7 8 11 13 15 16 17 18 19 20 21 23 24 25 26 | 26.0
Evocations     | 2 4 5 7 8 10 13 14 | 14.0
Dodging        | 2 3 5 7 9 10 11 13 14 18 | 18.0
Invocations    | 4 7 8 10 12 14 16 18 20 22 | 22.0
Armour         | 1 4 6 8 10 11 12 | 12.0
Spellcasting   | 1 4 5 |  5.0
Shields        | 8 12 14 16 18 20 21 22 23 | 23.0
Hexes          | 3 5 9 11 12 | 12.0
Translocations | 4 5 |  5.5
Stealth        | |  1.2

Action                     |  1- 3 |  4- 6 |  7- 9 | 10-12 | 13-15 | 16-18 | 19-21 | 22-24 | 25-27 || total
---------------------------+-------+-------+-------+-------+-------+-------+-------+-------+-------++-------
   Fire: Shortbow          |   102 |   194 |   402 |   159 |       |       |       |       |       ||   857
         Orcbow            |       |       |       |   300 |       |       |       |       |       ||   300
         Longbow           |       |       |       |   123 |   828 |  1258 |  1214 |       |       ||  3423
         Triple crossbow   |       |       |       |       |       |       |    95 |   894 |  1228 ||  2217
  Throw: Dart              |       |       |       |     6 |     2 |       |       |       |       ||     8
   Cast: Dimensional Bulls |       |       |       |       |       |       |     1 |       |       ||     1
 Invoke: Grand Finale      |       |       |       |     1 |       |     2 |     5 |     1 |     9 ||    18
         Line Pass         |       |       |       |       |       |       |     4 |     1 |     5 ||    10
         Stomp             |       |       |       |       |       |       |       |       |     1 ||     1
Ability: Dig               |       |       |     1 |       |     3 |     2 |       |       |       ||     6
  Evoke: Wand              |       |     4 |    11 |    18 |     8 |     1 |     2 |     2 |       ||    46
         Sack of spiders   |       |       |       |       |       |     3 |     2 |     1 |     1 ||     7
         Phial of floods   |       |       |       |       |       |     1 |       |       |       ||     1
         Phantom mirror    |       |       |       |       |       |       |       |     2 |     1 ||     3
    Use: Scroll            |     5 |       |     3 |    12 |     7 |     8 |     9 |     8 |     6 ||    58
         Potion            |       |       |       |     3 |     1 |     3 |     1 |     2 |     7 ||    17
 Armour: Leather armour    |    21 |    51 |   118 |    42 |       |       |       |       |       ||   232
         Ring mail         |       |       |    12 |   109 |   168 |   136 |   116 |    35 |       ||   576
         Troll leather arm |       |       |       |       |       |       |       |    59 |   203 ||   262
  Dodge: Dodged            |    37 |    59 |   118 |   207 |   250 |   186 |   131 |   119 |   274 ||  1381
  Block: Other             |       |       |    48 |    10 |       |       |       |       |       ||    58
         Reflection        |       |       |     8 |       |       |    81 |    82 |    72 |    24 ||   267
         Kite shield       |       |       |       |       |     5 |   429 |    61 |       |       ||   495
         Tower shield      |       |       |       |       |       |       |   485 |   472 |   955 ||  1912

Table legend: (Time is in decaauts)
 A = Elapsed time spent in this place.
 B = Non-inter-level travel time spent in this place.
 C = Inter-level travel time spent in this place.
 D = Time resting spent in this place.
 E = Time spent auto-exploring this place.
 F = Levels seen in this place.
 G = Mean time per level.
                   A        B        C        D        E       F      G
               +--------+--------+--------+--------+--------+-----+--------+
         Total |  55081 |  49897 |   5184 |   5363 |  16180 |  52 | 1059.2 |
       Dungeon |  20316 |  18074 |   2242 |   3302 |   6966 |  15 | 1354.4 |
          Lair |   6851 |   6131 |    720 |    468 |   2457 |   5 | 1370.2 |
        Shoals |   3712 |   3584 |    128 |    226 |    703 |   4 |  928.0 |
     Snake Pit |   4448 |   3923 |    525 |    242 |    936 |   4 | 1112.0 |
    Slime Pits |   1053 |   1005 |     48 |     33 |    169 |   5 |  210.6 |
  Orcish Mines |   2205 |   1892 |    313 |    151 |    418 |   2 | 1102.5 |
   Elven Halls |   3035 |   2874 |    161 |    168 |    872 |   3 | 1011.7 |
        Vaults |   5159 |   4876 |    283 |     98 |   1928 |   4 | 1289.8 |
        Depths |   4386 |   3885 |    501 |    117 |   1500 |   4 | 1096.5 |
           Zot |   2963 |   2704 |    259 |    558 |    101 |   5 |  592.6 |
        Wizlab |    948 |    948 |      0 |      0 |    127 |   1 |  948.0 |
               +--------+--------+--------+--------+--------+-----+--------+

Top non-repeatable levels by time:
    D:10: 2014 daAuts
     D:9: 1844 daAuts
    D:11: 1814 daAuts
    D:15: 1796 daAuts
Vaults:1: 1739 daAuts
  Lair:1: 1726 daAuts
  Lair:3: 1693 daAuts
     D:7: 1613 daAuts
    D:14: 1596 daAuts
     D:8: 1490 daAuts
 Snake:4: 1443 daAuts
     D:4: 1431 daAuts
   Zot:5: 1419 daAuts
    D:13: 1360 daAuts
Shoals:4: 1333 daAuts
